 Dungeon Sprint DCSS version 0.23.1 (webtiles) character file.

Game seed: 1136357686647336707

164620 nuthulu the End of an Era (level 17, -12/185 HPs)
             Began as a Minotaur Fighter on Mar 4, 2019.
             Was the Champion of Qazlal.
             Mangled by Ignacio
             ... wielding a +6 executioner's axe of pain
              (16 damage)
             ... in the Dungeon (Sprint VII: "The Pits").
             The game lasted 00:19:16 (4918 turns).

nuthulu the End of an Era (Minotaur Fighter)        Turns: 4918, Time: 00:19:16

Health: -12/185    AC: 54    Str: 29    XL:     17   Next: 1%
Magic:  33/33      EV: 22    Int:  5    God:    Qazlal [******]
Gold:   128        SH: 29    Dex: 15    Spells: 16/16 levels left

rFire    + + .     SeeInvis +   w - +9 war axe (chop)
rCold    + + +     Gourm    .   c - +1 shield
rNeg     . . .     Faith    .   C - +4 gold dragon scales
rPois    +         Spirit   .   (helmet restricted)
rElec    +         Reflect  +   y - +1 cloak of Starlight {rElec rC+ EV+4 Stlth--}
rCorr    +         Harm     .   D - +2 pair of gloves
MR       +....     NoTele   +   o - +0 pair of boots of Tomorrow {rPois Dex+4}
Stlth    ..........             Q - amulet of Zaceuwk {Reflect rPois Str-3 Slay+6 SH+4 SInv}
HPRegen  0.40/turn              M - +6 ring of protection
MPRegen  0.23/turn              L - +6 ring of protection

@: mighty, resistant, protected from physical damage, very slightly
contaminated, repel missiles
A: retaliatory headbutt, horns 2
}: 1/3 runes: silver
a: Upheaval, Elemental Force, Disaster Area, Renounce Religion


You were in the Dungeon.
You worshipped Qazlal.
Qazlal was exalted by your worship.
You were not hungry.

You visited 1 branch You collected 128 gold pieces.

Inventory:

Hand Weapons
 w - a +9 war axe of chopping (weapon)
Armour
 c - a +1 shield (worn)
 o - the +0 pair of boots of Tomorrow (worn) {rPois Dex+4}
   (You found it in the Dungeon)

   It affects your dexterity (+4).
   It protects you from poison.
 y - the +1 cloak of Starlight (worn) {rElec rC+ EV+4 Stlth--}
   (You found it in the Dungeon)

   It affects your evasion (+4).
   It protects you from cold.
   It insulates you from electricity.
   It makes you much less stealthy.
 C - +4 gold dragon scales (worn)
 D - a +2 pair of gloves (worn)
Jewellery
 a - an uncursed ring of fire
 b - a +4 ring of protection
 q - the ring of Shadows {Umbra +Inv Stlth+}
   (You took it off a vampire in the Dungeon)

   [ring of stealth]

   It lets you turn invisible.
   It makes you more stealthy.
 t - a +3 ring of intelligence
 u - a +3 ring of dexterity
 x - the ring "Ashrara" {EV+1 Dex+3}
   (You found it in the Dungeon)

   [ring of evasion]

   It affects your evasion (+1).
   It affects your dexterity (+3).
 z - a +2 amulet of reflection
 G - an uncursed ring of protection from magic
 H - a +3 ring of slaying
 I - a +6 ring of intelligence
 J - a +6 ring of evasion
 K - a +6 ring of evasion
 L - a +6 ring of protection (right hand)
 M - a +6 ring of protection (left hand)
 N - the ring of Uxokhixal {MP+9 Int+3 Dex-4}
   (You found it in the Dungeon)

   [ring of magical power]

   It affects your intelligence (+3).
   It affects your dexterity (-4).
   It affects your magic capacity (+9).
 Q - the amulet of Zaceuwk (around neck) {Reflect rPois Str-3 Slay+6 SH+4 SInv}
   (You found it in the Dungeon)

   [amulet of reflection]

   It shields you and reflects attacks.
   It affects your strength (-3).
   It affects your accuracy and damage with ranged weapons and melee attacks
   (+6).
   It protects you from poison.
   It lets you see invisible.
   It affects your SH (+4).
Wands
 r - a wand of acid (13)
 s - a wand of flame (8)
 A - a wand of paralysis (8)
Scrolls
 k - a scroll of blinking
 m - 9 scrolls of remove curse
 n - 5 scrolls of amnesia
 B - 2 scrolls of fog
 E - 5 scrolls of identify
 O - 4 scrolls of enchant weapon
Potions
 d - 2 potions of might
 e - 9 potions of curing
 g - 11 potions of heal wounds
 h - 11 potions of haste
 i - 3 potions of magic
 j - 3 potions of berserk rage
 l - a potion of invisibility
 p - 2 potions of cancellation {unknown}
 v - a potion of resistance
 F - 2 potions of agility
 P - a potion of brilliance
Comestibles
 f - 14 rations


   Skills:
 + Level 25.2 Fighting
 - Level 16.9 Axes
 + Level 25.1 Armour
 + Level 19.4 Dodging
 - Level 16.9 Shields
 + Level 19.3 Unarmed Combat
 O Level 27 Invocations


You had 16 spell levels left.
You didn't know any spells.
Your spell library was empty.

Dungeon Overview and Level Annotations

Branches:
Dungeon (1/1)

Altars:
Ashenzari
Cheibriados
Dithmenos
Elyvilon
Fedhas
Gozag
Hepliaklqana
Kikubaaqudgha
Makhleb
Nemelex Xobeh
Okawaru
Qazlal
Ru
Sif Muna
Trog
Uskayaw
Vehumet
Wu Jian
Xom
Yredelemnul
Zin
The Shining One
Beogh
Jiyva
Lugonu

Annotations:
D Ignacio


Innate Abilities, Weirdness & Mutations

You reflexively headbutt those who attack you in melee.
You have a pair of horns on your head.


Message History

You block Ignacio's attack. Ignacio barely misses you.
You block Ignacio's attack.
Okay, then.
Okay, then.
Blink to where?
Press: ? - help, Dir - move target cursor You are very lightly contaminated with residual magic.
As you read the scroll of blinking, it crumbles to dust.
You feel much better. You block Ignacio's attack. x3
Ignacio hits you but does no damage.
You writhe in agony!
* * * LOW HITPOINT WARNING * * *
You feel very mighty all of a sudden. Ignacio hits you but does no damage.
You block Ignacio's attack. x3
Ignacio grins with joy.
Ignacio hits you but does no damage.
You writhe in agony.
* * * LOW HITPOINT WARNING * * *
Ignacio hits you but does no damage.
You writhe in agony.
* * * LOW HITPOINT WARNING * * *
Ignacio hits you but does no damage.
You writhe in agony!
You die...

#§# #.# #'# #÷# #'#
#.# #'#
#################1#
...............☼@.#
....[...........○○#
['##############.○#
()..#[[.[#[[#[[#..#
()..##''##[[#.[#..#
))..#....#.....#..#
).###....####..#..#
).[)........'..#..#
.)([.....####..#..#


You could see Ignacio.

Vanquished Creatures
  An ancient lich (D)
  A greater mummy (D)
  2 bone dragons (D)
  A profane servitor (D)
  A Tzitzimitl (D)
  4 liches (D)
  A deep elf master archer (D)
  A tentacled monstrosity (D)
  A death cob (D)
  An Executioner (D)
  Polyphemus (D)
  A sphinx (D)
  A storm dragon (D)
  3 nagarajas (D)
  A frost giant (D)
  A draconian scorcher (D)
  3 orc warlords (D)
  3 emperor scorpions (D)
  A deep elf sorcerer (D)
  2 balrugs (D)
  2 ghouls (D)
  An angel (D)
  A draconian stormcaller (D)
  An ophan (D)
  A green draconian (D)
  6 vampire knights (D)
  2 yellow draconians (D)
  A dire elephant (D)
  A lorocyproca (D)
  3 purple draconians (D)
  3 deep elf demonologists (D)
  2 red draconians (D)
  3 deep elf annihilators (D)
  3 fire dragons (D)
  3 deep elf death magi (D)
  A green death (D)
  A deep elf high priest (D)
  2 naga warriors (D)
  A yaktaur captain (D)
  4 vault guards (D)
  A rakshasa (D)
  An ice dragon (D)
  A hell beast (D)
  A merfolk avatar (D)
  2 anacondas (D)
  A merfolk aquamancer (D)
  An alligator (D)
  A death knight (D)
  A death yak (D)
  6 vampire magi (D)
  3 sun demons (D)
  3 deep elf knights (D)
  7 flayed ghosts (D)
  21 skeletal warriors (D)
  A fire crab (D)
  An iron troll (D)
  2 wizards (D)
  3 unseen horrors (D)
  A swamp dragon (D)
  A sea snake (D)
  2 phantasmal warriors (D)
  5 deep elf magi (D)
  10 orc knights (D)
  A manticore (D)
  7 elephants (D)
  A cyclops (D)
  A merfolk siren (D)
  A black mamba (D)
  A molten gargoyle (D)
  Maurice (D)
  A spiny frog (D)
  An orange demon (D)
  2 gargoyles (D)
  A komodo dragon (D)
  14 yaktaurs (D)
  A freezing wraith (D)
  An ice devil (D)
  3 kobold demonologists (D)
  A merfolk (D)
  A demonic crawler (D)
  A hellwing (D)
  A jumping spider (D)
  4 red devils (D)
  A troll (D)
  A hornet (D)
  5 blink frogs (D)
  A wind drake (D)
  A hippogriff (D)
  4 redbacks (D)
  A flying skull (D)
  7 vampires (D)
  A tarantella (D)
  2 wraiths (D)
  Sigmund (D)
  3 shadows (D)
  3 yaks (D)
  A basilisk (D)
  6 water elementals (D)
  A fire elemental (D)
  2 steam dragons (D)
  A hungry ghost (D)
  A chaos spawn (D)
  A warg (shapeshifter) (D)
  A warg (D)
  A soldier ant (D)
  A floating eye (D)
  2 swamp drakes (D)
  2 sky beasts (D)
  4 orc warriors (D)
  3 necrophages (D)
  An eye of draining (D)
  2 wolves (D)
  An ogre (D)
  Blork the orc (D)
  A big kobold (D)
  An earth elemental (D)
  A hound (D)
  A jelly (D)
  3 orc priests (D)
  An orc wizard (D)
  Ijyb (D)
  An adder (D)
  A river rat (D)
  A white imp (D)
  An ooze (D)
  An adder zombie (D)
  2 adder skeletons (D)
  An adder simulacrum (D)
  3 leopard geckos (D)
  10 orcs (D)
  A bat skeleton (D)
  7 jackals (D)
  A quokka (D)
  6 bat simulacra (D)
  2 giant cockroach simulacra (D)
  A giant cockroach zombie (D)
  A goblin (D)
  A jackal skeleton (D)
  A jackal zombie (D)
  5 kobolds (D)
  2 leopard gecko simulacra (D)
  A leopard gecko skeleton (D)
  A rat (D)
317 creatures vanquished.

Vanquished Creatures (collateral kills)
  2 hydras (D)
2 creatures vanquished.

Vanquished Creatures (others)
  An orc (D)
1 creature vanquished.

Grand Total: 320 creatures vanquished

Notes
Turn   | Place    | Note
-------+----------+-------------------------------------------
     0 | D        | nuthulu the Minotaur Fighter began the quest for the Orb.
     0 | D        | Reached XP level 1. HP: 19/19 MP: 0/0
    40 | D        | Found a glowing golden altar of the Shining One.
    40 | D        | Found a glowing silver altar of Zin.
    40 | D        | Found a basalt altar of Yredelemnul.
    40 | D        | Found a shimmering altar of Xom.
    40 | D        | Found an ornate altar of the Wu Jian Council.
    40 | D        | Found a bloodstained altar of Trog.
    40 | D        | Found a deep blue altar of Sif Muna.
    40 | D        | Found a sacrificial altar of Ru.
    40 | D        | Found a stormy altar of Qazlal.
    40 | D        | Found an iron altar of Okawaru.
    40 | D        | Found a sparkling altar of Nemelex Xobeh.
    40 | D        | Found a burning altar of Makhleb.
    40 | D        | Found a viscous altar of Jiyva.
    40 | D        | Found a hazy altar of Hepliaklqana.
    40 | D        | Found an opulent altar of Gozag.
    40 | D        | Found a blossoming altar of Fedhas.
    40 | D        | Found a white marble altar of Elyvilon.
    40 | D        | Found a shadowy altar of Dithmenos.
    40 | D        | Found a snail-covered altar of Cheibriados.
    41 | D        | Found a radiant altar of Vehumet.
    41 | D        | Found a corrupted altar of Lugonu.
    41 | D        | Found a roughly hewn altar of Beogh.
    42 | D        | Found a hide-covered altar of Uskayaw.
    42 | D        | Found an ancient bone altar of Kikubaaqudgha.
    42 | D        | Found a shattered altar of Ashenzari.
    45 | D        | Became a worshipper of Qazlal Stormbringer
    63 | D        | Reached * piety under Qazlal
    63 | D        | Reached skill level 1 in Invocations
    64 | D        | Reached XP level 2. HP: 24/27 MP: 1/1
    77 | D        | Reached ** piety under Qazlal
    77 | D        | Reached skill level 2 in Invocations
    90 | D        | Noticed a flying skull
    95 | D        | Killed a flying skull
    95 | D        | Reached *** piety under Qazlal
    95 | D        | Reached skill level 5 in Axes
    95 | D        | Reached skill level 6 in Invocations
    95 | D        | Reached XP level 3. HP: 30/38 MP: 2/6
    95 | D        | Reached XP level 4. HP: 35/45 MP: 2/7
    95 | D        | Reached XP level 5. HP: 40/51 MP: 2/8
   209 | D        | Noticed a wolf
   216 | D        | Killed a wolf
   216 | D        | Reached skill level 7 in Invocations
   245 | D        | Noticed a hungry ghost
   253 | D        | Reached **** piety under Qazlal
   271 | D        | Killed a hungry ghost
   271 | D        | Reached skill level 8 in Invocations
   271 | D        | Reached XP level 6. HP: 59/61 MP: 9/11
   289 | D        | Noticed Sigmund
   289 | D        | Noticed Ijyb
   292 | D        | Killed Sigmund
   292 | D        | Reached XP level 7. HP: 66/69 MP: 12/12
   301 | D        | Killed Ijyb
   313 | D        | Noticed Blork the orc
   318 | D        | Killed Blork the orc
   318 | D        | Reached skill level 9 in Invocations
   323 | D        | Noticed a shadow
   325 | D        | Killed a shadow
   325 | D        | Reached ***** piety under Qazlal
   327 | D        | Noticed a red devil
   330 | D        | Noticed an elephant
   341 | D        | Killed an elephant
   341 | D        | Reached skill level 10 in Invocations
   341 | D        | Reached XP level 8. HP: 44/79 MP: 14/14
   343 | D        | Killed a red devil
   343 | D        | Reached skill level 10 in Fighting
   496 | D        | Reached skill level 10 in Armour
   496 | D        | Reached skill level 10 in Shields
   500 | D        | Reached skill level 11 in Invocations
   713 | D        | Noticed a cyclops
   713 | D        | Noticed a hippogriff
   732 | D        | Reached skill level 10 in Axes
   736 | D        | Killed a hippogriff
   736 | D        | Reached ****** piety under Qazlal
   736 | D        | Killed a cyclops
   736 | D        | Reached XP level 9. HP: 68/89 MP: 16/16
   834 | D        | Noticed a black mamba
   840 | D        | Killed a black mamba
   840 | D        | Reached skill level 12 in Invocations
   844 | D        | Noticed a merfolk siren
   860 | D        | Killed a merfolk siren
   866 | D        | Noticed an emperor scorpion
   889 | D        | Killed an emperor scorpion
   889 | D        | Reached skill level 13 in Invocations
   889 | D        | Reached XP level 10. HP: 31/97 MP: 12/19
  1149 | D        | Noticed a deep elf mage
  1164 | D        | Killed a deep elf mage
  1221 | D        | Noticed a swamp dragon
  1225 | D        | Noticed a phantasmal warrior
  1230 | D        | Killed a swamp dragon
  1230 | D        | Reached skill level 14 in Invocations
  1241 | D        | Killed a phantasmal warrior
  1249 | D        | Noticed an elephant
  1253 | D        | Noticed an elephant
  1254 | D        | Noticed an elephant
  1257 | D        | Killed an elephant
  1257 | D        | Killed an elephant
  1258 | D        | Killed an unseen horror
  1258 | D        | Killed an orange demon
  1265 | D        | Noticed an elephant
  1429 | D        | Noticed Maurice
  1431 | D        | Noticed an elephant
  1434 | D        | Noticed a gargoyle
  1437 | D        | Reached XP level 11. HP: 83/107 MP: 21/21
  1437 | D        | Reached skill level 15 in Invocations
  1437 | D        | Killed Maurice
  1453 | D        | Noticed a four-headed hydra
  1462 | D        | Killed a five-headed hydra
  1473 | D        | Reached skill level 16 in Invocations
  1921 | D        | Noticed a deep elf mage
  1924 | D        | Killed a deep elf mage
  1986 | D        | Noticed a deep elf mage
  2000 | D        | Killed a deep elf mage
  2012 | D        | Noticed a wizard
  2019 | D        | Killed a wizard
  2039 | D        | Paralysed by a hornet for 2 turns
  2040 | D        | Reached skill level 15 in Fighting
  2061 | D        | Reached skill level 17 in Invocations
  2062 | D        | Reached XP level 12. HP: 82/119 MP: 16/23
  2182 | D        | Noticed a rakshasa
  2182 | D        | Noticed an orc warlord
  2183 | D        | Reached skill level 15 in Armour
  2183 | D        | Reached skill level 15 in Shields
  2183 | D        | Killed a rakshasa
  2183 | D        | Reached skill level 15 in Axes
  2183 | D        | Noticed an orc warlord
  2199 | D        | Noticed a naga warrior
  2202 | D        | Noticed a vault guard
  2203 | D        | Killed a naga warrior
  2203 | D        | Killed an orc warlord
  2208 | D        | Reached skill level 18 in Invocations
  2215 | D        | Noticed a fire dragon
  2220 | D        | Noticed a yaktaur captain
  2226 | D        | Killed a vault guard
  2228 | D        | Noticed a vault guard
  2229 | D        | Killed a fire dragon
  2231 | D        | Noticed a naga warrior
  2233 | D        | Noticed a vault guard
  2236 | D        | Killed a vault guard
  2236 | D        | Reached XP level 13. HP: 69/130 MP: 11/25
  2236 | D        | Reached skill level 19 in Invocations
  2243 | D        | Killed an orc warlord
  2264 | D        | Found the +6 Majin-Bo {vamp, Archmagi MP+6 Int+6}
  2521 | D        | Noticed a sphinx
  2521 | D        | Noticed a deep elf demonologist
  2532 | D        | Killed a sphinx
  2537 | D        | Killed a deep elf demonologist
  2607 | D        | Noticed an emperor scorpion
  2612 | D        | Reached skill level 20 in Invocations
  2613 | D        | Noticed a death cob
  2641 | D        | Killed an emperor scorpion
  2641 | D        | Reached skill level 5 in Dodging
  2641 | D        | Reached skill level 5 in Unarmed Combat
  2668 | D        | Killed a death cob
  2679 | D        | Noticed Polyphemus
  2683 | D        | Killed Polyphemus
  2684 | D        | Reached skill level 21 in Invocations
  2689 | D        | Reached XP level 14. HP: 66/144 MP: 18/27
  2977 | D        | Noticed a greater mummy
  2992 | D        | HP: 6/144 [greater mummy/divine providence (15)]
  2993 | D        | Killed a greater mummy
  3453 | D        | Noticed a nagaraja
  3456 | D        | Reached skill level 22 in Invocations
  3456 | D        | Reached skill level 10 in Dodging
  3456 | D        | Reached skill level 10 in Unarmed Combat
  3457 | D        | Noticed an emperor scorpion
  3457 | D        | Noticed an orc warlord
  3458 | D        | Noticed a balrug
  3460 | D        | Killed a nagaraja
  3460 | D        | Noticed a profane servitor
  3463 | D        | Killed a frost giant
  3463 | D        | Killed a balrug
  3464 | D        | Killed a profane servitor
  3464 | D        | Reached skill level 23 in Invocations
  3466 | D        | Killed an emperor scorpion
  3473 | D        | Noticed an ophan
  3478 | D        | Noticed a nagaraja
  3484 | D        | Killed an ophan
  3490 | D        | Noticed an Ice Fiend
  3501 | D        | Killed a nagaraja
  3501 | D        | Reached XP level 15. HP: 84/154 MP: 6/29
  3510 | D        | Killed an orc warlord
  3544 | D        | Noticed a bone dragon
  3564 | D        | Killed a bone dragon
  3579 | D        | Reached skill level 24 in Invocations
  3933 | D        | Noticed an Executioner
  3937 | D        | Noticed a tentacled monstrosity
  3949 | D        | Killed an Executioner
  3957 | D        | Killed a tentacled monstrosity
  4164 | D        | Got the +0 pair of boots of Tomorrow {rPois Dex+4}
  4199 | D        | Noticed a lich
  4199 | D        | Noticed a lich
  4199 | D        | Noticed a lich
  4199 | D        | Noticed a bone dragon
  4200 | D        | Killed a lich
  4200 | D        | Reached skill level 25 in Invocations
  4200 | D        | Reached skill level 15 in Dodging
  4200 | D        | Reached skill level 15 in Unarmed Combat
  4200 | D        | Killed a lich
  4200 | D        | Reached XP level 16. HP: 170/170 MP: 31/31
  4200 | D        | Killed a lich
  4200 | D        | Reached skill level 26 in Invocations
  4200 | D        | Killed a bone dragon
  4201 | D        | Found the +1 cloak of Starlight {rElec rC+ EV+4 Stlth--}
  4219 | D        | Got a silver rune of Zot
  4375 | D        | Killed a lich
  4383 | D        | Reached skill level 27 in Invocations
  4384 | D        | Noticed an ancient lich
  4386 | D        | Killed an ancient lich
  4392 | D        | Noticed a deep elf master archer
  4406 | D        | Killed a deep elf master archer
  4500 | D        | Got the amulet "Qaohag" {Spirit rPois Int+7 Dex+4}
  4504 | D        | Got the ring "Ashrara" {EV+1 Dex+3}
  4506 | D        | Got the amulet "Ysaitt" {Spirit rF+ SInv Stlth+}
  4509 | D        | Got the ring of Uxokhixal {MP+9 Int+3 Dex-4}
  4511 | D        | Got the amulet of Zaceuwk {Reflect rPois Str-3 Slay+6 SH+4
                  | SInv}
  4595 | D        | Noticed a storm dragon
  4601 | D        | Killed a storm dragon
  4603 | D        | Noticed a Tzitzimitl
  4615 | D        | Killed a Tzitzimitl
  4843 | D        | Reached XP level 17. HP: 178/185 MP: 33/33
  4905 | D        | Noticed Ignacio
  4913 | D        | HP: 5/185 [Ignacio/+6 executioner's axe of pain (5)]
  4918 | D        | HP: 9/185 [Ignacio/+6 executioner's axe of pain (5)]
  4918 | D        | HP: 4/185 [Ignacio/+6 executioner's axe of pain (5)]
  4918 | D        | Mangled by Ignacio

Skill      XL: |  1  2  3  4  5  6  7  8  9 10 11 12 13 14 15 16 |
---------------+-------------------------------------------------+-----
Fighting       | 4 6 8 9 11 12 13 15 16 18 20 22 25 | 25.2
Armour         | 4 6 7 8 9 10 11 13 14 16 18 20 22 25 | 25.1
Shields        | 4 6 7 8 9 10 11 13 14 16 | 16.9
Axes           | 3 5 7 9 10 11 13 14 16 | 16.9
Invocations    | 1 6 8 10 11 13 14 17 18 21 23 25 27 | 27.0
Dodging        | 7 12 15 19 | 19.4
Unarmed Combat | 7 12 15 19 | 19.3

Action                   |  1- 3 |  4- 6 |  7- 9 | 10-12 | 13-15 | 16-18 || total
-------------------------+-------+-------+-------+-------+-------+-------++-------
Melee: War axe           |    19 |    30 |    81 |   165 |   242 |    76 ||   613
       Headbutt          |     5 |     1 |    22 |    44 |    75 |    22 ||   169
Invok: Elemental Force   |       |       |     1 |     2 |     2 |       ||     5
       Disaster Area     |       |       |       |     5 |    12 |     3 ||    20
  Use: Potion            |       |       |     2 |     2 |    16 |     7 ||    27
       Scroll            |       |       |       |     8 |     5 |     1 ||    14
 Stab: Invisible         |       |       |       |       |     4 |       ||     4
  Eat: Chunk             |       |     2 |     1 |       |       |       ||     3
       Ration            |       |       |     1 |     1 |     2 |     1 ||     5
Armor: Scale mail        |    10 |       |       |       |       |       ||    10
       Ring mail         |       |    11 |    10 |       |       |       ||    21
       Plate armour      |       |       |    12 |    66 |     1 |       ||    79
       Gold dragon scale |       |       |       |       |   122 |    28 ||   150
Dodge: Dodged            |     7 |     9 |    15 |    33 |    67 |    28 ||   159
       Deflected         |       |       |       |     3 |     3 |       ||     6
Block: Shield            |    12 |    26 |    79 |   142 |   321 |    82 ||   662
